 Dungeon Crawl Stone Soup version 0.28.0-43-g3370ac3207 (webtiles) character file.

Game seed: 9964455022732499745

1134 Peloso the Covered (level 8, -7/68 HPs)
             Began as a Minotaur Fighter on Mar 22, 2022.
             Shot with an arrow by a centaur (10 damage)
             ... on level 6 of the Dungeon.
             The game lasted 00:07:15 (5261 turns).

Peloso the Covered (Minotaur Fighter)               Turns: 5261, Time: 00:07:16

Health: -7/68      AC: 11    Str: 28    XL:     8   Next: 14%
Magic:  7/7        EV:  9    Int:  5    God:
Gold:   390        SH:  0    Dex: 11    Spells: 7/7 levels left

rFire   + . .      SeeInvis .   b - +10 quarterstaff of the Globe {elec, rF+}
rCold   . . .      Faith    .   (shield currently unavailable)
rNeg    . . .      Spirit   .   k - +1 chain mail
rPois   .          Reflect  .   (helmet restricted)
rElec   .          Harm     .   (no cloak)
rCorr   .          Rampage  .   (no gloves)
Will    .....                   (no boots)
Stlth   ..........              (no amulet)
HPRegen 0.21/turn               m - +6 ring of strength
MPRegen 0.10/turn               (no ring)

@: no status effects
A: horns 2, retaliatory headbutt
a: no special abilities


You were on level 6 of the Dungeon.
You visited 1 branch of the dungeon, and saw 6 of its levels.

You collected 390 gold pieces.

Inventory:

Hand Weapons
 a - a +0 long sword
 b - the +10 quarterstaff of the Globe (weapon) {elec, rF+}
   (You found it on level 4 of the Dungeon)

   It occasionally discharges a powerful burst of electricity upon striking a
   foe.
   rF:        It protects you from fire.
Armour
 c - a +0 buckler
 k - a +1 chain mail (worn)
Jewellery
 m - a +6 ring of strength (left hand)
 x - an amulet of the acrobat
 y - a ring of protection from cold
Wands
 o - a wand of iceblast (8)
 A - a wand of flame (12)
 B - a wand of digging (1)
Scrolls
 g - a scroll of silence
 h - 4 scrolls of teleportation
 i - a scroll of fear
 t - a scroll of blinking {unknown}
 u - a scroll of enchant weapon {unknown}
Potions
 d - a potion of might
 e - a potion of ambrosia
 j - 3 potions of haste
 p - 2 potions of mutation
 q - a potion of attraction {unknown}
 r - a potion of magic {unknown}
 s - a potion of heal wounds {unknown}
 v - a potion of degeneration {unknown}
 w - a potion of curing
 z - a potion of resistance {unknown}


   Skills:
 + Level 5.2 Fighting
 + Level 5.5 Long Blades
 + Level 5.9 Staves
 + Level 7.5 Armour
 + Level 1.6 Dodging
 + Level 0.2 Stealth
 + Level 4.5 Shields


You had 7 spell levels left.
You didn't know any spells.
Your spell library was empty.

Dungeon Overview and Level Annotations

Branches:
Dungeon (6/15)
 Temple: D:4-7

Altars:
Kikubaaqudgha

Shops:
D:3 [


Innate Abilities, Weirdness & Mutations

You have a pair of horns on your head.
You reflexively headbutt those who attack you in melee.


Message History

You closely miss the gnoll. You headbutt the gnoll.
The gnoll is heavily wounded.
The gnoll sergeant barely misses you. The gnoll closely misses you.
The centaur shoots an arrow.
The arrow barely misses you.
You hit the gnoll but do no damage. You headbutt the gnoll.
The gnoll is heavily wounded.
The centaur shoots an arrow.
The arrow hits you.
* * * LOW HITPOINT WARNING * * *
The gnoll sergeant hits you from afar with a +0 spear.
* * * LOW HITPOINT WARNING * * *
The gnoll closely misses you.
The centaur shoots an arrow.
The arrow hits you.
* * * LOW HITPOINT WARNING * * *
Unknown command.
You are confused.
You feel invigorated.
The gnoll sergeant hits you from afar with a +0 spear.
* * * LOW HITPOINT WARNING * * *
The gnoll hits you but does no damage.
The centaur shoots an arrow.
The arrow hits you.
* * * LOW HITPOINT WARNING * * *
You bump into the rock wall.
The centaur shoots an arrow.
The arrow hits you!
* * * LOW HITPOINT WARNING * * *
The gnoll sergeant hits you from afar with a +0 spear.
* * * LOW HITPOINT WARNING * * *
The gnoll barely misses you.
The centaur shoots an arrow.
The arrow barely misses you.
You bump into the rock wall.
The gnoll sergeant hits you but does no damage.
The gnoll barely misses you.
You feel less invigorated.
You feel less confused.
The centaur shoots an arrow.
The arrow hits you!
* * * LOW HITPOINT WARNING * * *
It was a potion of curing.
You feel better.
The centaur shoots an arrow.
The arrow hits you but does no damage.
Okay, then.
The centaur shoots an arrow.
The arrow hits you!
* * * LOW HITPOINT WARNING * * *
The centaur shoots an arrow.
The arrow hits you!
You die...

..............#**,,,,***,<,,,,,,,
#######.......# *,,,,,,,,,****,,,
# #####.#.# **,,,,,,,***,,,,, #
###.# **,,,,,** *,,,,, # #.#
**,,,** *,,,*, ###.#### **'**
**,*** #......# *,* *,* *
#.#.##.####.####***,*
#.....@.gg......,,,,*
*#..c...###g..###*****
#.......#*,,...# ##......#**,,.##
##...### **,*# ##.#* *** ##*


You could see a gnoll sergeant, a centaur and 2 gnolls.

Vanquished Creatures
  Prince Ribbit (D:5)
  A hornet zombie (D:5)
  A black bear (D:4)
  An ogre (D:4)
  A centaur (D:5)
  A phantom (D:5)
  A water moccasin zombie (D:6)
  A water moccasin skeleton (D:5)
  A bullfrog zombie (D:5)
  A hound (D:6)
  A jelly (D:5)
  An orc priest (D:4)
  An iguana (D:4)
  9 gnolls
  11 adders
  A white imp (D:6)
  An ufetubus (D:6)
  An adder skeleton (D:4)
  2 worms
  A dart slug (D:1)
  7 orcs
  6 ball pythons
  5 bats
  6 endoplasms
  3 giant cockroaches
  4 goblins
  4 hobgoblins
  3 jackals (D:3)
  3 quokkas
  4 frilled lizards
  6 kobolds
  3 rats
93 creatures vanquished.

Notes
Turn   | Place    | Note
-------+----------+-------------------------------------------
     0 | D:1      | Peloso the Minotaur Fighter began the quest for the Orb.
     0 | D:1      | Reached XP level 1. HP: 19/19 MP: 0/0
   318 | D:1      | Reached XP level 2. HP: 21/27 MP: 1/1
   465 | D:1      | Reached skill level 4 in Armour
  1068 | D:2      | Found a faded altar of an unknown god.
  1110 | D:2      | Reached XP level 3. HP: 33/33 MP: 2/2
  1483 | D:2      | You fall into a shaft and drop 1 floor!
  1506 | D:3      | Found Epliet's Antique Armour Emporium.
  1524 | D:3      | Reached XP level 4. HP: 30/40 MP: 3/3
  1949 | D:4      | Noticed a black bear
  1955 | D:4      | Killed a black bear
  1956 | D:4      | Reached skill level 5 in Armour
  1956 | D:4      | Reached XP level 5. HP: 41/46 MP: 4/4
  2051 | D:4      | Identified the +10 quarterstaff of the Globe {elec, rF+}
  2242 | D:4      | Noticed an ogre
  2253 | D:4      | Reached skill level 5 in Long Blades
  2257 | D:4      | Killed an ogre
  2258 | D:4      | Reached XP level 6. HP: 53/53 MP: 5/5
  2469 | D:4      | Reached skill level 1 in Staves
  2587 | D:4      | Found an ancient bone altar of Kikubaaqudgha.
  4329 | D:5      | Entered Level 5 of the Dungeon
  4344 | D:5      | Reached skill level 6 in Armour
  4347 | D:5      | Reached XP level 7. HP: 60/60 MP: 6/6
  4382 | D:5      | Noticed Prince Ribbit
  4391 | D:5      | Killed Prince Ribbit
  4432 | D:5      | Reached skill level 5 in Fighting
  4432 | D:5      | Reached skill level 5 in Staves
  4432 | D:5      | Reached skill level 7 in Armour
  4810 | D:5      | Reached skill level 1 in Dodging
  4810 | D:5      | Reached XP level 8. HP: 42/68 MP: 7/7
  5261 | D:6      | HP: 3/68 [centaur/arrow (10)]
  5261 | D:6      | Shot with an arrow by a centaur

Illustrated notes

Levels and vault maps discovered:
D:1:      lightli_arrival_noodles, layout_basic
D:2:      layout_loops_corners, basic_ecumenical_altar
D:3:      layout_basic, serial_shops, shop
D:4:      layout_basic, mainiacjoe_overflow_concentric_impassable, serial_glass,
          glass_columns_c, glass_columns_b, glass_columns_a, glass_columns_a,
          glass_columns_c, glass_columns_c, glass_columns_b, glass_columns_a,
          dk_noncrumbling_2
D:5:      layout_basic, uniq_prince_ribbit1
D:6:      layout_loops_corners, grunt_dithmenos_smoke_and_mirrors,
          gup_sewer_entry_bubbles, serial_shops, nicolae_square_shop

Skill      XL: |  1  2  3  4  5  6  7 |
---------------+----------------------+-----
Armour         | 4 5 6 7 |  7.5
Fighting       | 4 5 |  5.2
Shields        | 4 |  4.5
Long Blades    | 3 4 5 |  5.5
Staves         | 3 5 |  5.9
Dodging        | 1 |  1.6
Stealth        | |  0.2

Action                   |  1- 3 |  4- 6 |  7- 9 || total
-------------------------+-------+-------+-------++-------
Melee: Long sword        |    60 |    36 |       ||    96
       Headbutt          |     6 |     9 |     9 ||    24
       Quarterstaff      |       |    62 |    38 ||   100
  Use: Scroll            |       |       |     9 ||     9
       Potion            |       |       |     2 ||     2
Armor: Scale mail        |    10 |       |       ||    10
       Chain mail        |    22 |    63 |    23 ||   108
Dodge: Dodged            |    22 |    53 |    30 ||   105
Block: Buckler           |    10 |     9 |       ||    19
